 Dungeon Crawl Stone Soup version 0.31.0-9-g3a7656b989 (webtiles) character file.

Game seed: 10250146473685460090

71 qw the Shooter (level 4, 0/25 HPs)
             Began as a Deep Elf Hunter on Feb 2, 2024.
             Slain by an orc
             ... wielding a +0 trident
              (6 damage)
             ... on level 3 of the Dungeon.
             The game lasted 00:00:06 (1809 turns).

qw the Shooter (Deep Elf Hunter)                    Turns: 1809, Time: 00:00:06

Health: 0/25       AC:  7    Str: 10    XL:     4   Next: 5%
Magic:  6/6        EV: 11    Int: 14    God:
Gold:   53         SH:  0    Dex: 18    Spells: 3/3 levels left

rFire   . . .        a - +0 shortbow
rCold   . . .        (shield currently unavailable)
rNeg    . . .        d - +0 ring mail
rPois   .            e - +2 hat
rElec   .            (no cloak)
rCorr   .            (no gloves)
SInv    .            (no boots)
Will    .....        i - amulet of faith
Stlth   +            (no ring)
HPRegen 0.24/turn    (no ring)
MPRegen 0.10/turn

%: faith
@: about to teleport
A: no striking features
a: no special abilities


You were on level 3 of the Dungeon.
You visited 1 branch of the dungeon, and saw 3 of its levels.

You collected 154 gold pieces.
You spent 101 gold pieces at shops.


   Skills:
 - Level 1.5 Fighting
 + Level 7.5 Ranged Weapons
 - Level 2.4 Dodging
 - Level 1.2 Stealth


You had 3 spell levels left.
You didn't know any spells.
Your spell library was empty.

Inventory:

Hand Weapons
 a - a +0 shortbow (weapon)
Armour
 d - a +0 ring mail (worn)
 e - a +2 hat (worn)
Jewellery
 i - an amulet of faith (around neck)
 k - an amulet of guardian spirit
Potions
 b - a potion of haste {unknown}
 f - a potion of heal wounds {unknown}
 h - 2 potions of might
 j - a potion of mutation {unknown}
 m - a potion of attraction {unknown}

Dungeon Overview and Level Annotations

Branches:
Dungeon (3/15)

Altars:
Hepliaklqana

Shops:
D:2 *


Message History

You kill the kobold!
The jackal closely misses you.
A jackal comes into view.
The orc hits you but does no damage. The jackal closely misses you.
You shoot an arrow. The arrow barely misses the jackal.
The jackal barely misses you.
The orc hits you from afar with a +0 trident.
The jackal closely misses you.
You shoot an arrow.
The arrow hits the jackal but does no damage.
The orc closely misses you.
The jackal bites you but does no damage.
The orc barely misses you.
You shoot an arrow. The arrow hits the jackal.
The jackal is severely wounded.
The jackal bites you but does no damage. x2
The orc barely misses you.
You shoot an arrow. The arrow barely misses the jackal.
The jackal misses you. The orc hits you but does no damage.
The jackal bites you.
You shoot an arrow. The arrow hits the jackal.
The jackal is almost dead.
The jackal closely misses you. x2; The orc hits you but does no damage.
The jackal closely misses you.
You shoot an arrow. The arrow completely misses the jackal.
The jackal closely misses you.
The jackal bites you but does no damage.
The orc hits you from afar with a +0 trident.
The jackal closely misses you.
The jackal bites you but does no damage.
1808 ||| READING scroll of teleportation.
As you read the scroll of teleportation, it crumbles to dust.
You feel strangely unstable. The orc barely misses you.
The jackal barely misses you. The jackal closely misses you.
You shoot an arrow. The arrow hits the jackal.
You kill the jackal!
The jackal bites you. The orc closely misses you. The jackal barely misses you.
The orc hits you from afar with a +0 trident.
You die...

### #..# .. #..#
+#####. #..#
.......####..#
...<..h@..#..#
......)##.#..#.#
......o##....#.#
.......)).)).#.#
......)####..#.#
.......#####.#.#
.......+.....#.#
.......#####...#
# #.......#


You could see an orc and a jackal.

Vanquished Creatures
  An adder (D:1)
  2 ribbon worms (D:2)
  6 orcs (D:3)
  5 ball pythons
  4 endoplasms
  3 giant cockroaches
  4 goblins
  3 hobgoblins
  2 jackals (D:3)
  6 kobolds
  A quokka (D:1)
  3 bats (D:1)
  2 frilled lizards (D:1)
  4 rats
46 creatures vanquished.

Notes
Turn   | Place    | Note
-------+----------+-------------------------------------------
     0 | D:1      | qw the Deep Elf Hunter began the quest for the Orb.
     0 | D:1      | Reached XP level 1. HP: 12/12 MP: 3/3
     0 | D:1      | 0 ||| qw: Version: 0.3-a-155-g5e7d8dd
     0 | D:1      | 0 ||| qw: Game counter: 1871
     0 | D:1      | 0 ||| qw: Melee chars always use a shield: true
     0 | D:1      | 0 ||| qw: God list: Okawaru
     0 | D:1      | 0 ||| qw: Allow faded altars: false
     0 | D:1      | 0 ||| qw: Do Orc after clearing Dungeon:15 true
     0 | D:1      | 0 ||| qw: Do second Lair branch before Depths: true
     0 | D:1      | 0 ||| qw: Lair rune preference: random
     0 | D:1      | 0 ||| qw: Goals: Normal
     0 | D:1      | 0 ||| PLANNING D:1-11
   218 | D:1      | Reached XP level 2. HP: 16/16 MP: 4/4
   271 | D:1      | Reached skill level 6 in Ranged Weapons
   691 | D:1      | 691 ||| UPGRADING to +0 ring mail.
   701 | D:1      | 701 ||| DROPPING +0 leather armour.
   702 | D:1      | 702 ||| UPGRADING to amulet of faith.
   707 | D:1      | 707 ||| READING scroll labelled UCAODO CEL JECW.
   710 | D:1      | 710 ||| READING 2 scrolls labelled TIAGENESHRILONU.
   710 | D:1      | 710 ||| IDENTIFYING black potion
   711 | D:1      | 711 ||| READING scroll of identify.
   711 | D:1      | 711 ||| IDENTIFYING fuming black potion
   712 | D:1      | 712 ||| READING scroll labelled OMITOO FIFRI.
   713 | D:1      | 713 ||| DROPPING scroll of butterflies.
   714 | D:1      | 714 ||| DROPPING potion of lignification.
   745 | D:2      | 745 ||| STAIRDANCE
   749 | D:2      | 749 ||| STAIRDANCE
   753 | D:2      | 753 ||| STAIRDANCE
   757 | D:2      | 757 ||| STAIRDANCE
   766 | D:1      | Reached XP level 3. HP: 11/20 MP: 5/5
   835 | D:2      | Found a hazy altar of Hepliaklqana.
  1008 | D:2      | Reached skill level 7 in Ranged Weapons
  1266 | D:2      | Found Sich's Assorted Antiques.
  1290 | D:2      | 1290 ||| BUYING dark potion (23 gold).
  1290 | D:2      | Bought a dark potion for 23 gold pieces
  1290 | D:2      | 1290 ||| BUYING scroll of teleportation (78 gold).
  1290 | D:2      | Bought a scroll of teleportation for 78 gold pieces
  1511 | D:2      | Found a faded altar of an unknown god.
  1628 | D:2      | 1628 ||| UPGRADING to +2 hat.
  1776 | D:3      | 1776 ||| FLEEEEING.
  1777 | D:3      | 1777 ||| FLEEEEING.
  1800 | D:3      | Reached XP level 4. HP: 11/25 MP: 6/6
  1807 | D:3      | HP: 6/25 [orc/+0 trident (2)]
  1808 | D:3      | 1808 ||| READING scroll of teleportation.
  1809 | D:3      | Slain by an orc

Levels and vault maps discovered:
D:1:      dpeg_arrival_renting, layout_loops_ring, hangedman_decor_peaks_small
D:2:      layout_loops_ring, shapermc_ecumenical_altar_ellora, basic_altar,
          serial_shops, nicolae_shop_statue_plus, kennysheep_small_spiral,
          minivault_27
D:3:      layout_basic, marbit_many_paths, serial_shops,
          nicolae_shop_tiny_statue_garden

Skill      XL: |  1  2  3 |
---------------+----------+-----
Ranged Weapons | 6 7 |  7.5
Fighting       | |  1.5
Dodging        | |  2.4
Stealth        | |  1.2

Action                     |  1- 3 |  4- 6 || total
---------------------------+-------+-------++-------
   Fire: Shortbow          |   115 |     9 ||   124
    Use: Scroll            |     4 |     1 ||     5
 Armour: Leather armour    |     9 |       ||     9
         Ring mail         |    25 |    13 ||    38
  Dodge: Dodged            |    31 |    20 ||    51

Table legend:
 A = Non-vault XP
 B = Vault XP
 C = Vault XP percentage of total XP
 D = Non-vault monster count
 E = Vault monster count
 F = Vault count percentage of total count
                 A         B        C        D         E       F
            +---------+---------+-------+---------+---------+-------
      Total |     102 |       2 |   1.9 |      45 |       1 |   2.2
            +---------+---------+-------+---------+---------+-------
        D:1 |      49 |       0 |   0.0 |      23 |       0 |   0.0
        D:2 |      27 |       0 |   0.0 |      11 |       0 |   0.0
        D:3 |      26 |       2 |   7.1 |      11 |       1 |   8.3
            +---------+---------+-------+---------+---------+-------
